 BcadrenCrawl: Boulder Brew version 0.05.21-44-gf299df4180 (webtiles) character file.

Game seed: 11060190218388607524, levelgen mode: deterministic

161 gruber the Slasher (level 5, -11/45 HPs) Minotaur Demonspawn. Began on July 23, 2021. Mangled by a crocodile (15 damage) ... on level 2 of the Dungeon. The game lasted 00:01:45 (973 turns).

gruber the Slasher (Minotaur Demonspawn)             Turns: 973, Time: 00:01:46

Health: -11/45     AC:  3    Str: 19    XL:     5 ^: 149
Magic:  6/6        EV: 13    Int: 12    God:
Gold:   15         SH:  0    Dex: 14    Spells: 5/6 levels left

rFire    . . .     Vision   .   a - +0 long sword
rCold    . . .     Gourm    +   (no weapon)
rNeg     . . .     Faith    .   b - +0 leather armour
rCorr    . . .     Spirit   .   (helmet restricted)
rPois    .         Reflect  .   (no cloak)
rElec    .         Harm     .   (no gloves)
MR       .....                  (boots unavailable)
Stlth    +.........             k - amulet of the gourmand
HPRegen  0.25/turn              (no ring)
MPRegen  0.16/turn              (no ring)

@: no status effects
A: hooves, horns, retaliatory headbutt 2, INT +3, DEX +4
a: no special abilities


You were on level 2 of the Dungeon.
You were hungry.

You visited 1 branch of the dungeon, and saw 2 of its levels.

You collected 15 gold pieces.

Inventory:

Weapons
 a - a +0 long sword (weapon)
Armour
 b - a +0 leather armour (worn)
Jewellery
 h - a cursed amulet of the acrobat {(Curse: rC-)}
 k - an amulet of the gourmand (around neck)
 l - a cursed ring of resist corrosion {(Curse: Slay-3)}
Scrolls
 e - 2 scrolls of teleportation
 f - a scroll of fear
Potions
 c - a potion of cancellation
 g - a potion of brilliance
 i - a potion of might
 j - a potion of agility
Comestibles
 d - a ration


   Skills:
 * Level 3.4 Fighting
 - Level 5.0 Long Blades
 - Level 3.2 Dodging
 - Level 1.5 Stealth
 - Level 1.0 Spellcasting
 - Level 1.3 Fire Magic
   Level 2.6 Invocations


You had 5 spell levels left.
You knew the following spells:

 Your Spells              Type           Power        Failure   Level  Hunger
a - Flame Tongue          Fire           3 (30)       19%         1    ##.....

Your spell library contained the following spells:

 Spells                   Type           Power        Failure   Level  Hunger
 Blink                    Tloc           N/A          43%         2    ###....
 Call Imp                 Summ           0 (100)      43%         2    ###....
 Slow                     Hex            0 (100)      43%         2    ###....
 Conjure Flame            Fire           3 (100)      50%         3    ####...
 Mephitic Cloud           Pois/Air       0 (100)      67%         3    ####...


Dungeon Overview and Level Annotations

Branches:
Dungeon (2/8)

Altars:


Innate Abilities, Weirdness & Mutations

You have hooves in place of feet.
You reflexively attack those that strike you in melee with your horns. �y�*lU


Message History

You riposte.
You hit the crocodile (1). The bat hits you but does no damage.
You hit the crocodile (2). You hit the crocodile (1).
You kick the crocodile (5).
The crocodile is heavily wounded. (14/29) HP The bat closely misses you (0).
You riposte.
You hit the bat (3).
You kill the bat!
The crocodile bites you (12)!
You are too injured to fight recklessly!
Unknown command.
Unknown command.
You hit the crocodile (4). You hit the crocodile but do no damage.
You kick the crocodile (6). You headbutt the crocodile (3).
The crocodile is almost dead. (1/29) HP The crocodile bites you (13)!
* * * LOW HITPOINT WARNING * * *
You hit the crocodile but do no damage. x2
You headbutt the crocodile, but do no damage.
The crocodile is almost dead. (1/29) HP The crocodile bites you (15)!
You die...

#≈≈≈≈≈≈≈#. ###
.≈≈≈≈b≈....≈..
.#≈≈≈≈≈.........
...≈≈≈≈b≈.b. ≈.≈
#..≈≈≈≈#..#..#
≈#PP≈≈≈≈≈..#.#
#P≈≈≈≈≈≈#...≈#
...≈≈≈≈†t....#
.8.≈≈≈≈@..8..##
≈...≈≈.......≈#
.#.≈≈≈≈......≈# .≈≈
≈≈≈≈≈≈≈.#≈..≈## #.≈≈
##≈≈≈≈≈.###### #≈.≈
#PP≈≈≈.# ###########.≈≈
#≈≈≈≈≈.###≈P.≈≈##.≈#.≈≈
#≈≈≈P≈)#.....†≈#..≈#.≈≈
#≈≈PPP†)...≈.#≈...≈#.≈≈


You could see a crocodile.

Vanquished Creatures
  A big kobold (D:2)
  A giant cockroach (D:1)
  5 cinder newts (D:1)
  A dart slug (D:1)
  2 leopard geckos
  An adder skeleton (D:2)
  A ball python (D:1)
  9 bats
  7 goblins (D:1)
  4 hobgoblins (D:1)
  10 kobolds
  4 rats (D:1)
46 creatures vanquished.

Vanquished Creatures (others)
  17 withered plants (D:2)
17 creatures vanquished.

Grand Total: 63 creatures vanquished

Notes
Turn   | Place    | Note
-------+----------+-------------------------------------------
     0 | D:1      | gruber the Minotaur Demonspawn began the quest for the Orb.
     0 | D:1      | Reached XP level 1. HP: 16/16 MP: 1/1
    46 | D:1      | Reached skill level 3 in Long Blades
    55 | D:1      | Gained mutation: You have hooves in place of feet. [demonic
                  | ancestry]
    55 | D:1      | Reached XP level 2. HP: 12/23 MP: 3/3
   154 | D:1      | Reached skill level 4 in Long Blades
   154 | D:1      | Reached XP level 3. HP: 27/28 MP: 4/4
   387 | D:1      | Reached XP level 4. HP: 35/35 MP: 5/5
   393 | D:1      | Reached skill level 5 in Long Blades
   957 | D:2      | Reached XP level 5. HP: 42/45 MP: 6/6
   973 | D:2      | Mangled by a crocodile

Levels and vault maps discovered:
D:1:      minmay_arrival_up_and_down, layout_basic, minmay_liquid_box,
          fountainhead
D:2:      layout_sewer, kennysheep_little_box, marbit_many_paths,
          serial_column_ruins, column_ruins_square_huge, column_ruins_open_tiny,
          column_ruins_grid_1, column_ruins_open_small, column_ruins_open_tiny,
          uniq_duvessa

Skill      XL: |  1  2  3  4 |
---------------+-------------+-----
Long Blades    | 3 4 5 |  5.0
Fighting       | 3 |  3.4
Dodging        | |  3.2
Stealth        | |  1.5
Spellcasting   | |  1.0
Fire Magic     | |  1.3
Invocations    | |  2.6

Action                   |  1- 3 |  4- 6 || total
-------------------------+-------+-------++-------
Melee: Long sword        |    53 |    28 ||    81
       Unarmed           |    38 |    24 ||    62
       Headbutt          |     2 |     3 ||     5
       Kick              |     6 |    12 ||    18
  Use: Potion            |       |     2 ||     2
Armor: Leather armour    |    17 |     5 ||    22
Dodge: Dodged            |    47 |    21 ||    68
       Rpst.: Long sword |    14 |     7 ||    21
